[Event "Titled Tuesday Blitz June 27 Early 2023"]
[White "Lavrik, Dmitry"]
[Black "Girya, Olga"]
[WhiteFideId "24113190"]
[BlackFideId "4195752"]
[WhiteElo "2705"]
[BlackElo "2625"]
[Result "0-1"]
[Round "11"]
[TimeControl "180+2"]
[Date "2023.06.27"]
[WhiteClock "0:00:01"]
[BlackClock "0:00:04"]
[Board "31"]

1. c4 Nf6 2. Nf3 e6 3. g3 d5 4. Bg2 Be7 5. O-O O-O 6. b3 c5 7. cxd5 Nxd5 8. Bb2 Nc6 9. Nc3 Bf6 10. Qc2 b6 11. Nxd5 exd5 12. d4 Nxd4 13. Nxd4 cxd4 14. Rfd1 d3 15. Rxd3 Bf5 16. e4 Bg6 17. Qe2 Re8 18. Re1 Bxe4 19. Bxe4 Rxe4 20. Qxe4 dxe4 21. Rxd8+ Rxd8 22. Bxf6 gxf6 23. Rxe4 Rd2 24. Ra4 a5 25. Kg2 Kg7 26. Kf3 h5 27. h4 Kg6 28. Ke3 Rb2 29. f3 Rg2 30. g4 Rh2 31. Rc4 Rxh4 32. gxh5+ Rxh5 33. Rc6 Rb5 34. Kd4 Kf5 35. Kc4 Rb4+ 36. Kc3 Ke5 37. a3 Rb5 38. Kc4 Rd5 39. Rxb6 Rd4+ 40. Kc3 Rf4 41. Rb5+ Kd6 42. Rxa5 Rxf3+ 43. Kc4 f5 44. Ra8 f4 45. Rd8+ Ke5 46. Rd1 Rf2 47. a4 f3 48. a5 Ra2 49. b4 f2 50. Kb3 Re2 51. Rg1 fxg1=Q 0-1


[Site "https://www.chess.com"]

[Event "Titled Tuesday Blitz June 27 Early 2023"]
[White "Gubajdullin, Alexei"]
[Black "Korchmar, Vasiliy"]
[WhiteFideId "4141202"]
[BlackFideId "24131750"]
[WhiteElo "2612"]
[BlackElo "2696"]
[Result "1-0"]
[Round "11"]
[TimeControl "180+2"]
[Date "2023.06.27"]
[WhiteClock "0:01:07"]
[BlackClock "0:01:01"]
[Board "32"]

1. d4 d5 2. Nf3 Nf6 3. Bf4 c5 4. e3 Nc6 5. Nbd2 cxd4 6. exd4 Qb6 7. Nb3 Bg4 8. Be2 e6 9. c3 Be7 10. a4 a6 11. a5 Qd8 12. O-O O-O 13. Ne1 Bxe2 14. Qxe2 Rc8 15. Nd3 Nd7 16. Rfe1 Re8 17. Qg4 Bf6 18. Re3 b6 19. axb6 Qxb6 20. Nbc5 Nxc5 21. Nxc5 Qxb2 22. Rae1 a5 23. Nd7 Be7 24. Bh6 g6 25. Rxe6 fxe6 26. Qxe6+ Kh8 27. Qf7 Rg8 28. Nf6 Qxf2+ 29. Kxf2 Bxf6 30. Qxf6+ Rg7 31. Qxg7# 1-0


[Site "https://www.chess.com"]

[Event "Titled Tuesday Blitz June 27 Early 2023"]
[White "Jakubowski, Krzysztof"]
[Black "whiteglovethief"]
[WhiteFideId "1112848"]
[WhiteElo "2644"]
[BlackElo "2484"]
[Result "1/2-1/2"]
[Round "11"]
[TimeControl "180+2"]
[Date "2023.06.27"]
[WhiteClock "0:00:02"]
[BlackClock "0:00:31"]
[Board "33"]

1. e4 e6 2. d3 c5 3. g3 Nc6 4. Bg2 g6 5. h4 h6 6. Nf3 Bg7 7. c3 Nge7 8. Be3 d6 9. O-O b6 10. d4 cxd4 11. cxd4 O-O 12. Qd2 Kh7 13. Nc3 Ba6 14. Rfe1 Rc8 15. Rac1 d5 16. e5 Nf5 17. Bf4 Na5 18. b3 Qe7 19. Bh3 Nc6 20. Nd1 Qb4 21. Bxf5 gxf5 22. Qe3 Ne7 23. Kg2 Rxc1 24. Qxc1 Rc8 25. Qb2 Bd3 26. Bd2 Qb5 27. Nc3 Qa6 28. Kh2 Be4 29. Ng1 Nc6 30. f3 Nxd4 31. fxe4 dxe4 32. Bf4 Qa5 33. Rc1 Bxe5 34. Qd2 Nf3+ 35. Nxf3 Bxc3 36. Qd7 Rf8 37. Qe7 Bb4 38. Qf6 exf3 39. Qxh6+ Kg8 40. Qg5+ Kh7 41. Qh5+ Kg8 42. Qg5+ Kh7 43. Qh6+ Kg8 44. Qg5+ 1/2-1/2


[Site "https://www.chess.com"]

[Event "Titled Tuesday Blitz June 27 Early 2023"]
[White "Mayank Chakraborty"]
[Black "Sebag, Marie"]
[WhiteFideId "25659766"]
[BlackFideId "617822"]
[WhiteElo "2816"]
[BlackElo "2583"]
[Result "1-0"]
[Round "11"]
[TimeControl "180+2"]
[Date "2023.06.27"]
[WhiteClock "0:00:13"]
[BlackClock "0:00:07"]
[Board "34"]

1. e4 c6 2. d4 d5 3. exd5 cxd5 4. c4 Nf6 5. Nc3 Nc6 6. Nf3 Be6 7. c5 g6 8. Bb5 Bg7 9. Ne5 Bd7 10. O-O O-O 11. Nxd7 Qxd7 12. Re1 Rfe8 13. Bg5 e6 14. Qd2 a6 15. Bf1 Ne4 16. Nxe4 dxe4 17. Rxe4 Nxd4 18. Rd1 e5 19. Rh4 Qe6 20. b3 f6 21. Bc4 fxg5 22. Bxe6+ Nxe6 23. Rc4 Rad8 24. Qe1 Nd4 25. Qe4 Rf8 26. Re1 Rf7 27. h3 Rdf8 28. Qd5 Kh8 29. Rxe5 Nc6 30. Re8 Rxf2 31. Rxf8+ Rxf8 32. Re4 h6 33. Qd7 Rf5 34. b4 Ne5 35. Qxb7 h5 36. c6 Nxc6 37. Qxc6 Kh7 38. Re7 1-0


[Site "https://www.chess.com"]

[Event "Titled Tuesday Blitz June 27 Early 2023"]
[White "Aloma Vidal, Robert"]
[Black "Gharibyan, Mamikon"]
[WhiteFideId "2260409"]
[BlackFideId "13308300"]
[WhiteElo "2581"]
[BlackElo "2785"]
[Result "0-1"]
[Round "11"]
[TimeControl "180+2"]
[Date "2023.06.27"]
[WhiteClock "0:01:59"]
[BlackClock "0:01:27"]
[Board "35"]

1. e4 c5 2. c3 e5 3. Nf3 Nc6 4. Bc4 Nf6 5. Ng5 d5 6. exd5 Nxd5 7. Qh5 g6 8. Qf3 Be6 9. Nxe6 fxe6 10. O-O Qd7 11. d3 O-O-O 12. Nd2 Be7 13. Ne4 Na5 14. Qg3 Qc7 15. Bb3 Kb8 16. Bc2 Nf4 17. a3 Ne2+ 0-1


[Site "https://www.chess.com"]

[Event "Titled Tuesday Blitz June 27 Early 2023"]
[White "Avinash Ramesh"]
[Black "Krutko, Anatoly"]
[WhiteFideId "45018340"]
[BlackFideId "4185862"]
[WhiteElo "2779"]
[BlackElo "2582"]
[Result "1/2-1/2"]
[Round "11"]
[TimeControl "180+2"]
[Date "2023.06.27"]
[WhiteClock "0:00:14"]
[BlackClock "0:00:14"]
[Board "36"]

1. d4 Nf6 2. c4 g6 3. Nf3 Bg7 4. g3 O-O 5. Bg2 d6 6. O-O Nbd7 7. Nc3 e5 8. e4 exd4 9. Nxd4 Re8 10. h3 a6 11. Re1 Rb8 12. b3 Ne5 13. Bb2 c5 14. Nde2 b5 15. cxb5 axb5 16. Nf4 b4 17. Ncd5 Nxd5 18. Nxd5 Be6 19. Qd2 Qc8 20. f4 Nc6 21. Bxg7 Kxg7 22. f5 Bxd5 23. Qxd5 Qc7 24. Rf1 f6 25. Rad1 Rbd8 26. fxg6 hxg6 27. Qc4 Qe7 28. g4 Nd4 29. Rd2 Qe5 30. Rdf2 Rf8 31. Qa6 Rde8 32. Qc4 Ra8 33. h4 Rae8 34. g5 fxg5 35. Rf7+ Rxf7 36. Qxf7+ Kh6 37. h5 Re6 38. Qf8+ Qg7 39. Qd8 Ne2+ 40. Kf2 Nf4 41. hxg6 Rxg6 42. Rh1+ Nh5 43. Bf3 g4 44. Qh4 Qb2+ 45. Be2 g3+ 46. Ke1 Qc1+ 47. Bd1 Qe3+ 48. Be2 Qc1+ 49. Bd1 Qe3+ 50. Be2 Qc1+ 1/2-1/2


[Site "https://www.chess.com"]

[Event "Titled Tuesday Blitz June 27 Early 2023"]
[White "Arat, Ufuk Sezen"]
[Black "Xu, Yi"]
[WhiteFideId "6309089"]
[BlackFideId "8605564"]
[WhiteElo "2575"]
[BlackElo "2735"]
[Result "1-0"]
[Round "11"]
[TimeControl "180+2"]
[Date "2023.06.27"]
[WhiteClock "0:01:08"]
[BlackClock "0:00:00"]
[Board "37"]

1. e4 c5 2. Nf3 Nc6 3. d4 cxd4 4. Nxd4 Nf6 5. Nc3 e6 6. Ndb5 Bc5 7. Bf4 O-O 8. Bc7 Qe7 9. Bd6 Bxd6 10. Qxd6 Qd8 11. Nc7 Rb8 12. O-O-O Ng4 13. Rd2 a6 14. Be2 Nge5 15. f4 Ng6 16. g3 b5 17. h4 Bb7 18. h5 Nge7 19. Qxd7 Qxd7 20. Rxd7 Rfd8 21. Rhd1 Rxd7 22. Rxd7 Bc8 23. Rd2 Bb7 24. g4 h6 25. e5 Rc8 26. Rd7 Kf8 27. Nxe6+ fxe6 28. Rxb7 Nd4 29. Bd3 Nec6 30. Kd2 Nb4 31. a3 Nxd3 32. Kxd3 Rd8 33. Ne4 Nf5+ 34. Kc3 Rc8+ 35. Kd2 Rd8+ 36. Ke1 Ne3 37. Nd6 Nxc2+ 38. Kd2 Nd4 39. Rf7+ Kg8 40. Ra7 Nf3+ 41. Ke3 Nh4 42. Rxa6 Rf8 43. f5 exf5 44. gxf5 Nxf5+ 45. Ke4 1-0


[Site "https://www.chess.com"]

[Event "Titled Tuesday Blitz June 27 Early 2023"]
[White "Panesar Vedant"]
[Black "Mamedov, Edgar"]
[WhiteFideId "35033018"]
[BlackFideId "13739980"]
[WhiteElo "2730"]
[BlackElo "2569"]
[Result "1-0"]
[Round "11"]
[TimeControl "180+2"]
[Date "2023.06.27"]
[WhiteClock "0:00:06"]
[BlackClock "0:00:00"]
[Board "38"]

1. e4 c5 2. Nf3 e6 3. d4 cxd4 4. Nxd4 Nf6 5. Nc3 Nc6 6. a3 Be7 7. Be3 O-O 8. f4 e5 9. Nxc6 dxc6 10. f5 b5 11. Qf3 a5 12. g4 Nd7 13. Bd3 Bh4+ 14. Ke2 Bb7 15. Rag1 b4 16. Nd1 f6 17. Nf2 bxa3 18. bxa3 Qe7 19. Rb1 Ba6 20. Bxa6 Rxa6 21. Rb7 Qf7 22. Nd3 Rd8 23. Rd1 Qc4 24. Rd2 Bg5 25. Bxg5 fxg5 26. Kd1 Raa8 27. Qe3 Nf6 28. Qxg5 Rd7 29. Rxd7 Nxd7 30. Qe3 Rb8 31. g5 Rb1+ 32. Ke2 Nc5 33. Qxc5 Qxe4+ 34. Qe3 Qh1 35. Qxe5 Qf1+ 36. Ke3 Qg1+ 37. Rf2 Qxg5+ 38. Kd4 Qd8+ 39. Kc4 Rb5 40. Qe6+ Kh8 41. Re2 Rb8 42. f6 gxf6 43. Rf2 Kg7 44. Rg2+ Kh8 45. Qf7 Rb7 46. Qxb7 Qd5+ 47. Kc3 Qxg2 48. Qc8+ Kg7 49. Qd7+ Kh6 50. a4 Qxh2 51. Qxc6 Qh4 52. Qc4 Qg5 53. Qb5 1-0


[Site "https://www.chess.com"]

[Event "Titled Tuesday Blitz June 27 Early 2023"]
[White "Yuan, Qingyu"]
[Black "chess123456s"]
[WhiteFideId "8609772"]
[WhiteElo "2716"]
[BlackElo "2569"]
[Result "0-1"]
[Round "11"]
[TimeControl "180+2"]
[Date "2023.06.27"]
[WhiteClock "0:00:00"]
[BlackClock "0:00:47"]
[Board "39"]

1. e4 e5 2. Nf3 Nc6 3. Bb5 a6 4. Ba4 Nf6 5. d3 b5 6. Bb3 Bc5 7. Nc3 h6 8. Nd5 d6 9. c3 Rb8 10. Be3 Bxe3 11. fxe3 Nxd5 12. Bxd5 Ne7 13. Bb3 Ng6 14. O-O O-O 15. a4 Qe7 16. axb5 axb5 17. Qe1 Be6 18. Bxe6 Qxe6 19. b4 c5 20. Ra6 cxb4 21. cxb4 Rfd8 22. Qd2 Qb3 23. Rc1 Rbc8 24. Rac6 Rxc6 25. Rxc6 Ra8 26. h3 Ra2 27. Rc3 Qb1+ 28. Qe1 Qb2 29. Rc8+ Kh7 30. Qg3 Qe2 31. Kh2 Qxe3 32. Rc7 Qf4 33. Rd7 Qxg3+ 34. Kxg3 Nf4 35. Nh4 Rd2 36. Rxd6 Rxd3+ 37. Rxd3 Nxd3 38. Nf3 f6 39. Kg4 g6 40. Nd2 Nxb4 41. Nb3 Nc6 42. Nc5 b4 43. Kf3 Kg7 44. Ke3 Nd4 45. Kd3 Kf7 46. Kc4 b3 47. Nxb3 Nxb3 48. Kxb3 Ke6 49. Kc4 f5 50. Kd3 fxe4+ 51. Kxe4 Kd6 52. Ke3 Kd5 53. Kd3 e4+ 54. Ke3 Ke5 55. Ke2 Kf4 56. Kf2 g5 57. g3+ Ke5 58. Ke3 Kd5 59. Ke2 Kd4 60. Kd2 e3+ 61. Kd1 Ke4 62. Ke2 h5 63. h4 g4 64. Kf1 Kf3 65. Kg1 e2 66. Kh2 Kf2 67. Kh1 e1=Q+ 0-1


[Site "https://www.chess.com"]

[Event "Titled Tuesday Blitz June 27 Early 2023"]
[White "Goryachkina, Aleksandra"]
[Black "Adla, Diego"]
[WhiteFideId "4147103"]
[BlackFideId "100072"]
[WhiteElo "2685"]
[BlackElo "2555"]
[Result "1/2-1/2"]
[Round "11"]
[TimeControl "180+2"]
[Date "2023.06.27"]
[WhiteClock "0:00:05"]
[BlackClock "0:00:16"]
[Board "40"]

1. e4 e5 2. Nf3 Nc6 3. Bc4 Nf6 4. d3 Bc5 5. c3 O-O 6. h3 a5 7. a4 d6 8. Nbd2 Ne7 9. Nf1 Ng6 10. Ng3 c6 11. Bb3 d5 12. O-O h6 13. exd5 Nxd5 14. d4 exd4 15. Nxd4 Re8 16. Bc2 Qf6 17. Ne4 Qe7 18. Nxc5 Qxc5 19. Bxg6 fxg6 20. Qd3 Kh7 21. Bd2 Bd7 22. Rfe1 Qf8 23. Qg3 Rxe1+ 24. Rxe1 Re8 25. Rxe8 Qxe8 26. Qf3 Nb6 27. b3 Nd5 28. c4 Nb4 29. Ne2 Bf5 30. Ng3 Bc2 31. Qc3 Qe6 32. Nf1 Qf6 33. Qxf6 gxf6 34. Bxb4 axb4 35. Nd2 Kg7 36. f4 Kf7 37. Kf2 Ke6 38. Ke3 Kd6 39. Kd4 c5+ 40. Ke3 f5 41. h4 Ke6 42. g3 b6 43. Kf3 Kf6 44. Ke3 g5 45. hxg5+ hxg5 46. Kf3 g4+ 47. Ke3 Ke6 48. Ke2 Kd6 49. Ke3 Ke6 50. Ke2 Kd6 51. Ke3 Ke6 1/2-1/2


[Site "https://www.chess.com"]

[Event "Titled Tuesday Blitz June 27 Early 2023"]
[White "Kaidanov, Gregory"]
[Black "Berezin, Viktor"]
[WhiteFideId "2008564"]
[BlackFideId "14107872"]
[WhiteElo "2660"]
[BlackElo "2554"]
[Result "1-0"]
[Round "11"]
[TimeControl "180+2"]
[Date "2023.06.27"]
[WhiteClock "0:01:22"]
[BlackClock "0:00:06"]
[Board "41"]

1. d4 Nf6 2. c4 g6 3. Nc3 Bg7 4. e4 O-O 5. Be2 d6 6. Bg5 c6 7. Qd2 Nbd7 8. f3 a6 9. Nh3 b5 10. Nf2 bxc4 11. Bxc4 d5 12. Bb3 e5 13. dxe5 Nxe5 14. exd5 Bf5 15. O-O Qb6 16. Kh1 cxd5 17. Bxf6 Qxf6 18. Nxd5 Qh4 19. Rae1 Rae8 20. Ne4 Ng4 21. g3 Qh3 22. Ng5 Qh6 23. fxg4 Rxe1 24. Rxe1 Bxg4 25. Ne7+ Kh8 26. Nxf7+ Rxf7 27. Qxh6 Rxe7 28. Rxe7 1-0


[Site "https://www.chess.com"]

[Event "Titled Tuesday Blitz June 27 Early 2023"]
[White "Vyatkin, Dmitry"]
[Black "De La Villa Garcia, Jesus Maria"]
[WhiteFideId "4171900"]
[BlackFideId "2200040"]
[WhiteElo "2527"]
[BlackElo "2605"]
[Result "0-1"]
[Round "11"]
[TimeControl "180+2"]
[Date "2023.06.27"]
[WhiteClock "0:00:01"]
[BlackClock "0:00:13"]
[Board "42"]

1. d4 Nf6 2. c4 e6 3. g3 d5 4. Nf3 Be7 5. Bg2 c6 6. O-O b6 7. Qc2 O-O 8. b3 Bb7 9. a4 a5 10. Bf4 Na6 11. Nbd2 c5 12. Rfd1 Rc8 13. Qb2 Nc7 14. Rac1 Re8 15. Be5 Nd7 16. dxc5 Nxc5 17. Bxg7 Bf8 18. Bxf8 Rxf8 19. cxd5 Nxd5 20. Nc4 Qc7 21. Nfe5 Rfd8 22. Ng4 Kf8 23. e4 Nb4 24. Qh8+ Ke7 25. Qxh7 Nbd3 26. Rc2 Rh8 27. Qg7 Rcg8 28. Qf6+ Kf8 29. h3 Rh5 30. Rcd2 Bxe4 31. Rxd3 Bxd3 32. Bf1 Rg6 33. Qc3 Bxf1 34. Kxf1 Rxh3 35. Kg2 Rh5 36. Nce5 Rgg5 37. f4 Qb7+ 38. Qf3 Qxf3+ 39. Kxf3 Rf5 40. Rd8+ Kg7 41. Rd6 Nxb3 42. Rxb6 Nc5 43. Rb5 Nxa4 44. Rxa5 Nb6 45. Rb5 Nd5 46. Rb8 Rh8 47. Rb7 Ra8 48. Nf2 Ra3+ 49. Kg2 Ra2 50. Kf3 Ra4 51. Nfd3 Ra3 52. Ke4 Nf6+ 53. Kf3 Rxe5 54. fxe5 Rxd3+ 55. Ke2 Rxg3 56. exf6+ Kxf6 57. Kf2 Rg5 58. Kf3 Rf5+ 59. Ke4 Rh5 60. Kf4 Rh4+ 61. Kf3 Rh5 62. Kf4 Ra5 63. Ke4 Kg6 64. Kf4 f5 65. Re7 Kf6 66. Re8 Ra4+ 67. Kf3 Ke5 68. Rb8 Ra3+ 69. Kf2 Kf4 70. Rb4+ Kg5 71. Ke2 e5 72. Kf2 e4 73. Ke2 Kf4 74. Kf2 Ra2+ 75. Kf1 Kf3 76. Rb5 Ra1+ 77. Rb1 Rxb1# 0-1


[Site "https://www.chess.com"]

[Event "Titled Tuesday Blitz June 27 Early 2023"]
[White "Ginzburg, Yakov"]
[Black "Sowul, Bartosz"]
[WhiteFideId "4157176"]
[BlackFideId "1137590"]
[WhiteElo "2509"]
[BlackElo "2603"]
[Result "0-1"]
[Round "11"]
[TimeControl "180+2"]
[Date "2023.06.27"]
[WhiteClock "0:00:19"]
[BlackClock "0:00:44"]
[Board "43"]

1. d4 Nf6 2. Nf3 c5 3. g3 b6 4. Bg2 Bb7 5. O-O g6 6. c4 Bg7 7. d5 O-O 8. Nc3 e6 9. e4 exd5 10. exd5 d6 11. Be3 Re8 12. Re1 Na6 13. Qd2 Nc7 14. Bg5 Qd7 15. h3 b5 16. b3 b4 17. Ne2 Ne4 18. Qf4 Nxg5 19. Nxg5 Bxa1 20. Rxa1 Rxe2 21. Qh4 f6 22. Ne4 Rxe4 23. Bxe4 Re8 24. Bf3 Qf5 25. Bg4 Qg5 26. Qxg5 fxg5 27. a3 bxa3 28. Rxa3 a6 29. b4 cxb4 30. Ra4 Re1+ 31. Kg2 Rb1 32. Bf3 Kf8 33. c5 dxc5 34. d6 Bxf3+ 35. Kxf3 Nb5 36. Rxa6 Ke8 37. Rb6 Nc3 38. Rb7 b3 39. h4 gxh4 40. gxh4 Kd8 41. Rxh7 Rd1 42. Rb7 c4 43. Kf4 Rd5 44. f3 Nb5 45. Ke4 Nxd6+ 46. Kxd5 Nxb7 47. Kxc4 b2 0-1


[Site "https://www.chess.com"]

[Event "Titled Tuesday Blitz June 27 Early 2023"]
[White "Jovic, Stanoje"]
[Black "Nozdrachev, Leonid"]
[WhiteFideId "905020"]
[BlackFideId "24113433"]
[WhiteElo "2505"]
[BlackElo "2589"]
[Result "0-1"]
[Round "11"]
[TimeControl "180+2"]
[Date "2023.06.27"]
[WhiteClock "0:00:00"]
[BlackClock "0:00:11"]
[Board "44"]

1. c4 e5 2. g3 Nf6 3. Bg2 c6 4. d4 Bb4+ 5. Bd2 Bxd2+ 6. Qxd2 d6 7. Nc3 O-O 8. dxe5 dxe5 9. Qxd8 Rxd8 10. Nf3 Nbd7 11. O-O-O Re8 12. h3 Kf8 13. Rd6 Nc5 14. Ng5 Bf5 15. e4 Bc8 16. b4 Na6 17. a3 Nc7 18. Rhd1 Be6 19. c5 Bb3 20. R1d2 h6 21. Nf3 a5 22. Kb2 axb4 23. axb4 Bc4 24. g4 Nb5 25. Nxb5 cxb5 26. Ne1 Ra2+ 27. Kc3 Ra3+ 28. Kb2 Rb3+ 29. Kc2 Rxb4 30. Rd8 Ra4 31. Rxe8+ Kxe8 32. Kc3 Be6 33. f3 b4+ 34. Kd3 Nd7 35. Rc2 b3 36. Rb2 Nxc5+ 37. Kd2 Ra2 38. Kc1 Ra1+ 39. Kd2 Rxe1 40. Kxe1 Nd3+ 41. Kd2 Nxb2 42. Kc3 Na4+ 43. Kd2 b2 0-1


[Site "https://www.chess.com"]

[Event "Titled Tuesday Blitz June 27 Early 2023"]
[White "Zavgorodniy, Sergiy"]
[Black "Luukkonen, Tommi"]
[WhiteFideId "14110148"]
[BlackFideId "501808"]
[WhiteElo "2588"]
[BlackElo "2483"]
[Result "0-1"]
[Round "11"]
[TimeControl "180+2"]
[Date "2023.06.27"]
[WhiteClock "0:01:38"]
[BlackClock "0:01:23"]
[Board "45"]

1. d4 Nf6 2. c4 g6 3. Nc3 Bg7 4. e4 O-O 5. Be2 d6 6. Nf3 e5 7. O-O Na6 8. Bg5 h6 9. Be3 Ng4 10. Bc1 Qe8 11. d5 f5 12. exf5 gxf5 13. Ne1 e4 14. Bxg4 fxg4 15. Nc2 Nc5 16. Nd4 c6 17. Be3 Nd3 18. Qd2 Qg6 19. dxc6 bxc6 20. Nxc6 Rf7 21. Nd5 Kh7 22. Nce7 Qe6 23. Nxc8 Rxc8 24. b3 Bxa1 25. Rxa1 Rcf8 26. Rf1 h5 27. Bd4 Qg6 28. g3 h4 29. Be3 Ne5 30. Kh1 hxg3 31. hxg3 Nf3 32. Kg2 Nxd2 33. Bxd2 Qh5 34. Rh1 Rxf2+ 35. Kg1 Rf1+ 36. Kg2 R8f2# 0-1


[Site "https://www.chess.com"]

[Event "Titled Tuesday Blitz June 27 Early 2023"]
[White "NicolaiMaxime"]
[Black "Rosh Jain"]
[BlackFideId "25789465"]
[WhiteElo "2586"]
[BlackElo "2337"]
[Result "1-0"]
[Round "11"]
[TimeControl "180+2"]
[Date "2023.06.27"]
[WhiteClock "0:00:12"]
[BlackClock "0:00:07"]
[Board "46"]

1. c4 Nf6 2. Nc3 e6 3. Nf3 d5 4. e3 c5 5. cxd5 exd5 6. d4 Nc6 7. Be2 Be7 8. dxc5 Bxc5 9. O-O O-O 10. b3 Be6 11. Bb2 Ne4 12. Rc1 Bd6 13. Nb5 Be7 14. Nbd4 Nxd4 15. Nxd4 Bf6 16. Bf3 Qe7 17. Qe2 Ng5 18. Bg4 Rac8 19. Nxe6 Nxe6 20. Rfd1 Rxc1 21. Rxc1 Bxb2 22. Qxb2 Qg5 23. Bf3 d4 24. h4 Qh6 25. Re1 dxe3 26. Rxe3 Qxh4 27. Bxb7 Rd8 28. Bf3 Ng5 29. Be2 h6 30. b4 Ne6 31. b5 Qg5 32. a4 Nf4 33. Bf1 Rd1 34. Re8+ Kh7 35. Qc2+ Rd3 36. Bxd3+ g6 37. Be4 Nh3+ 38. Kf1 Nf4 39. Qb2 f6 40. Qb3 Ne6 41. Re7+ Kh8 42. Rxe6 Qc1+ 43. Ke2 Qc8 44. Bxg6 Kg7 45. Be4 Qc7 46. Qg3+ Qxg3 47. fxg3 Kf7 48. Ra6 f5 49. Bxf5 1-0


[Site "https://www.chess.com"]

[Event "Titled Tuesday Blitz June 27 Early 2023"]
[White "Niekras, Dawid"]
[Black "Sevian, Samuel"]
[WhiteFideId "1160451"]
[BlackFideId "2040506"]
[WhiteElo "2601"]
[BlackElo "3016"]
[Result "0-1"]
[Round "11"]
[TimeControl "180+2"]
[Date "2023.06.27"]
[WhiteClock "0:00:00"]
[BlackClock "0:01:11"]
[Board "47"]

1. e4 c5 2. Nf3 e6 3. d4 cxd4 4. Nxd4 Nc6 5. Nc3 a6 6. Nxc6 bxc6 7. e5 f6 8. Bd3 Qa5 9. Qh5+ Kd8 10. f4 Rb8 11. O-O Ne7 12. Ne4 Nf5 13. Kh1 Be7 14. Bd2 Qd5 15. c4 g6 16. cxd5 gxh5 17. d6 Bf8 18. Nxf6 Nxd6 19. exd6 Bxd6 20. Ne4 Be7 21. Bc3 Rf8 22. b3 d5 23. Ng5 h6 24. Nf3 c5 25. Be5 Rb4 26. Rac1 Bb7 27. Rfd1 Kd7 28. Kg1 h4 29. h3 Rg8 30. Kf2 a5 31. Rb1 Ke8 32. Rd2 Bc6 33. Ke3 Rg3 34. Kf2 Rg8 35. Re2 Kf7 36. Bc3 Rxf4 37. Bd2 Rf6 38. Ke1 Bd6 39. Be3 d4 40. Bf2 Bxf3 41. gxf3 Rxf3 42. Be4 Rxh3 43. Kd2 Rc3 44. Kd1 Bf4 45. Be1 Rh3 46. Rc2 Rg1 47. Rxc5 Re3 0-1


[Site "https://www.chess.com"]

[Event "Titled Tuesday Blitz June 27 Early 2023"]
[White "Ibadov, Dashgyn"]
[Black "Howell, David W L"]
[WhiteFideId "24107514"]
[BlackFideId "410608"]
[WhiteElo "2595"]
[BlackElo "3001"]
[Result "0-1"]
[Round "11"]
[TimeControl "180+2"]
[Date "2023.06.27"]
[WhiteClock "0:00:00"]
[BlackClock "0:00:05"]
[Board "48"]

1. e4 e6 2. d4 d5 3. Nc3 Bb4 4. e5 b6 5. a3 Bf8 6. Qg4 Qd7 7. Nf3 Ne7 8. h4 c5 9. Bb5 Nbc6 10. dxc5 bxc5 11. Bg5 Bb7 12. O-O-O a6 13. Ne4 Nf5 14. Ba4 h6 15. Bf4 Be7 16. h5 O-O-O 17. c4 d4 18. Rhe1 Qc7 19. Qh3 d3 20. g4 Nfd4 21. Nxd4 Rxd4 22. Kb1 Rhd8 23. Nd6+ Bxd6 24. exd6 Qa5 25. Bxc6 Bxc6 26. Be5 d2 27. Re2 Be4+ 28. Ka2 Rd3 29. Re3 Qa4 30. Rxd3 Qxd1 31. Qe3 Bxd3 32. Qxd3 Kd7 33. Bc3 Rb8 34. Bxd2 f6 35. Qc3 Rb6 36. Be3 Rxd6 37. Bxc5 Rd3 38. Qb4 f5 39. Qb7+ Kd8 40. Qe7+ Kc8 41. Qxe6+ Kb7 42. Qb6+ Kc8 43. Qxa6+ Kd8 44. Qa8+ Kd7 45. Qb7+ Kd8 46. Qe7+ Kc8 47. Qe6+ Kb8 48. Qxf5 Qb3+ 0-1


[Site "https://www.chess.com"]

[Event "Titled Tuesday Blitz June 27 Early 2023"]
[White "Yurovskykh, Oleksandr"]
[Black "Pranav, V"]
[WhiteFideId "14134020"]
[BlackFideId "25060783"]
[WhiteElo "2585"]
[BlackElo "2992"]
[Result "0-1"]
[Round "11"]
[TimeControl "180+2"]
[Date "2023.06.27"]
[WhiteClock "0:00:34"]
[BlackClock "0:01:46"]
[Board "49"]

1. d4 Nf6 2. Nf3 e6 3. Bf4 b6 4. e3 Bb7 5. Bd3 Be7 6. h3 O-O 7. O-O d6 8. Bh2 Nbd7 9. Nbd2 Re8 10. c3 Bf8 11. Qe2 e5 12. dxe5 dxe5 13. Ba6 Bxa6 14. Qxa6 e4 15. Nd4 c5 16. Nc6 Qc8 17. Qxc8 Rexc8 18. Ne5 Rd8 19. Rfd1 Bd6 20. Nxd7 Bxh2+ 21. Kxh2 Rxd7 22. Nc4 Rad8 23. Rxd7 Rxd7 24. a4 Kf8 25. Kg1 Ke7 26. Kf1 Rd5 27. Ke2 Rg5 28. g3 Rh5 29. h4 Rf5 30. Nd2 h6 31. a5 b5 32. a6 Kd6 33. c4 Kc6 34. Ra5 bxc4 35. Nxc4 Ng4 36. Nd2 Rxf2+ 37. Ke1 f5 38. Ra4 Rg2 0-1


[Site "https://www.chess.com"]

[Event "Titled Tuesday Blitz June 27 Early 2023"]
[White "Vokhidov, Shamsiddin"]
[Black "Fonseca Manrique, Enrique"]
[WhiteFideId "14204223"]
[BlackFideId "5114330"]
[WhiteElo "2886"]
[BlackElo "2578"]
[Result "1-0"]
[Round "11"]
[TimeControl "180+2"]
[Date "2023.06.27"]
[WhiteClock "0:00:32"]
[BlackClock "0:00:09"]
[Board "50"]

1. e4 c5 2. Nc3 e6 3. Nf3 a6 4. d4 cxd4 5. Nxd4 Qc7 6. Bd3 Nc6 7. Nxc6 bxc6 8. O-O d5 9. Qe2 Nf6 10. f4 Be7 11. Bd2 a5 12. Kh1 O-O 13. b3 Bb7 14. Rae1 c5 15. exd5 Nxd5 16. f5 Bh4 17. Rd1 Rae8 18. Nxd5 exd5 19. Qg4 Bf6 20. Rde1 d4 21. Be4 a4 22. Qf3 Ba6 23. Bd3 Bb7 24. Qg3 Qc6 25. Rg1 axb3 26. axb3 Rxe1 27. Qxe1 Re8 28. Qf2 h6 29. h3 Bg5 30. Bxg5 hxg5 31. Qg3 Re3 32. Qb8+ Kh7 33. f6+ g6 34. Kh2 g4 35. hxg4 Qxf6 36. Rf1 Qh4+ 37. Kg1 Re7 38. Qf4 Bd5 39. Qd6 Bb7 40. Rxf7+ Rxf7 41. Qxg6+ Kh8 42. Qxf7 Qe1+ 43. Qf1 Qe3+ 44. Qf2 Qc1+ 45. Kh2 Qh6+ 46. Kg3 Qd6+ 47. Qf4 Qc6 48. Qf8# 1-0


[Site "https://www.chess.com"]

[Event "Titled Tuesday Blitz June 27 Early 2023"]
[White "Ohanyan, Emin"]
[Black "Janaszak, Dawid"]
[WhiteFideId "13312022"]
[BlackFideId "1119206"]
[WhiteElo "2793"]
[BlackElo "2578"]
[Result "1-0"]
[Round "11"]
[TimeControl "180+2"]
[Date "2023.06.27"]
[WhiteClock "0:00:03"]
[BlackClock "0:00:04"]
[Board "51"]

1. d4 d5 2. c4 c6 3. Nf3 g6 4. Nc3 Bg7 5. cxd5 cxd5 6. Bf4 a6 7. e3 Nc6 8. Be2 Nf6 9. O-O O-O 10. Rc1 Bg4 11. Ne5 Bxe2 12. Qxe2 Rc8 13. Na4 Nxe5 14. Bxe5 Qa5 15. Nc5 b6 16. Nxa6 Rxc1 17. Rxc1 Qxa2 18. Qb5 Ne4 19. Bxg7 Kxg7 20. Qxb6 Rc8 21. Nc5 Nd6 22. Qb4 h5 23. h3 h4 24. b3 Ne4 25. Rf1 Nd2 26. Rc1 Ne4 27. Qe1 Nxc5 28. Rxc5 Rb8 29. Rxd5 Rxb3 30. Rc5 Rb2 31. Rc1 Rd2 32. Qf1 Re2 33. Rd1 Qc2 34. Rc1 Qb2 35. Re1 Rd2 36. Rd1 Re2 37. d5 Qc2 38. Rd4 Qb2 39. Rxh4 Rc2 40. Rd4 Rc1 41. Rd1 Rc2 42. Re1 Rd2 43. Rd1 Rc2 44. d6 exd6 45. Rxd6 Rc1 46. Rd1 Rc2 47. Ra1 Qc3 48. Rb1 Qd2 49. Qe1 Qd3 50. Rd1 Qf5 51. Rd8 Qc5 52. Qa1+ f6 53. Rd7+ Kh6 54. Qxf6 Rc1+ 55. Kh2 Qc8 56. Qh4# 1-0


[Site "https://www.chess.com"]

[Event "Titled Tuesday Blitz June 27 Early 2023"]
[White "Tanenbaum, Zachary"]
[Black "Sargsyan, Anna M."]
[WhiteFideId "2060850"]
[BlackFideId "13308130"]
[WhiteElo "2722"]
[BlackElo "2567"]
[Result "0-1"]
[Round "11"]
[TimeControl "180+2"]
[Date "2023.06.27"]
[WhiteClock "0:00:00"]
[BlackClock "0:00:07"]
[Board "52"]

1. e4 c6 2. d4 d5 3. exd5 cxd5 4. Bd3 Nc6 5. c3 Nf6 6. Bf4 Bg4 7. Qb3 e5 8. dxe5 Nh5 9. Be3 Nxe5 10. Bb5+ Nc6 11. Nd2 Be7 12. Be2 Bxe2 13. Nxe2 O-O 14. Qxb7 Ne5 15. Qa6 Ng4 16. Bd4 Re8 17. h3 Nh6 18. Qd3 Bg5 19. O-O Rb8 20. Nb3 Qc8 21. f4 Bh4 22. g4 Nxg4 23. Qf3 Ngf6 24. Be5 Rb7 25. Ned4 Ng3 26. Rf2 Nfe4 27. Rg2 f6 28. Bd6 Nxd6 29. Qxd5+ Nf7 30. Nf3 Qxh3 31. Nxh4 Rd7 32. Qf3 Qh1+ 33. Kf2 Ne4+ 34. Qxe4 Qxh4+ 35. Kf3 Rxe4 36. Kxe4 Nd6+ 37. Kf3 Qh5+ 38. Kf2 Ne4+ 39. Kg1 Qf3 40. Nd4 Rxd4 41. cxd4 Qe3+ 42. Kh2 Qxf4+ 43. Kg1 h5 44. Rf1 Qe3+ 45. Kh2 h4 46. Rfg1 Ng3 0-1


[Site "https://www.chess.com"]